 Dungeon Crawl Stone Soup version 0.29.1-1-gd02db6906a (webtiles) character file.

Game seed: 1401409258107211595

151 Aibolit the Conjurer (level 5, -5/35 HPs)
             Began as a Human Conjurer on Oct 5, 2022.
             Was an Initiate of Sif Muna.
             Slain by an orc priest
             ... wielding a +0 flail
              (7 damage)
             ... on level 3 of the Dungeon.
             The game lasted 00:05:19 (2754 turns).

Aibolit the Conjurer (Human Conjurer)               Turns: 2754, Time: 00:05:20

Health: -5/35      AC:  3    Str:  7    XL:     5   Next: 60%
Magic:  1/10       EV: 12    Int: 21    God:    Sif Muna [......]
Gold:   102        SH:  0    Dex: 11    Spells: 8/11 levels left

rFire   . . .      SeeInvis .   f - +0 short sword
rCold   . . .      Faith    .   (no shield)
rNeg    . . .      Spirit   .   a - +1 robe
rPois   .          Reflect  .   (no helmet)
rElec   .          Harm     .   (no cloak)
rCorr   .          Rampage  .   (no gloves)
Will    .....                   (no boots)
Stlth   ++........              (no amulet)
HPRegen 0.11/turn               (no ring)
MPRegen 0.12/turn               (no ring)

@: no status effects
A: no striking features
a: Renounce Religion


You were on level 3 of the Dungeon.
You worshipped Sif Muna.
Sif Muna was noncommittal.
You visited 1 branch of the dungeon, and saw 3 of its levels.

You collected 102 gold pieces.

Inventory:

Hand Weapons
 f - a +0 short sword (weapon)
Armour
 a - a +1 robe (worn)
 s - a +0 pair of gloves
Scrolls
 d - 2 scrolls of teleportation
 h - a scroll of magic mapping
 n - a scroll of poison
 p - a scroll of identify
 q - a scroll of immolation {unknown}
 r - a scroll of fear {unknown}
Potions
 b - a potion of magic
 c - a potion of flight {unknown}
 e - a potion of ambrosia {unknown}
 g - a potion of invisibility {unknown}
 i - a potion of berserk rage {unknown}
 j - a potion of degeneration {unknown}
 k - a potion of mutation {unknown}
 l - a potion of cancellation {unknown}
 m - a potion of curing {unknown}
 o - a potion of brilliance {unknown}


   Skills:
 - Level 2.0 Dodging
 + Level 3.1 Stealth
 * Level 3.5 Spellcasting
 * Level 5.1 Conjurations


You had 8 spell levels left.
You knew the following spells:

 Your Spells              Type           Power      Damage    Failure   Level
a - Magic Dart            Conj           100%       1d8       1%          1
b - Searing Ray           Conj           50%        2d6       2%          2

Your spell library contained the following spells:

 Spells                   Type           Power      Damage    Failure   Level
 Static Discharge         Conj/Air       14%        3-5/arc   7%          2
 Beastly Appendage        Tmut           6%         N/A       13%         1
 Sandblast                Erth           6%         2d5       13%         1
 Dazzling Flash           Conj/Hex       28%        N/A       13%         3
 Stone Arrow              Conj/Erth      28%        3d8       13%         3
 Ensorcelled Hibernation  Hex/Ice        6%         N/A       19%         2
 Passwall                 Tmut/Erth      2%         N/A       19%         2
 Wereblood                Tmut           3%         N/A       19%         2
 Spider Form              Tmut/Pois      3%         N/A       36%         3
 Fulminant Prism          Conj/Hex       7%         3d7       41%         4
 Iskenderun's Mystic Bla  Conj/Tloc      14%        2d5       41%         4
 Sticky Flame             Conj/Fire      14%        2d4       41%         4
 Anguish                  Hex/Necr       1%         N/A       77%         4
 Dispel Undead            Necr           3%         3d7       77%         4


Dungeon Overview and Level Annotations

Branches:
Dungeon (3/15)

Altars:
Gozag
Kikubaaqudgha
Sif Muna

Shops:
D:3 *


Message History

You barely miss the ball python. The ball python closely misses you.
The ball python constricts you.
You hit the ball python.
The ball python is severely wounded.
The ball python barely misses you. The ball python constricts you.
You barely miss the ball python.
The ball python is severely wounded.
The ball python bites you but does no damage.
The ball python constricts you. The ball python barely misses you.
The ball python constricts you.
You hit the ball python.
You kill the ball python!
Sif Muna accepts your kill.
You barely miss the orc priest.
The orc priest is lightly wounded.
The orc priest mumbles some strange prayers to Beogh against you.
Pain shoots through your body!
* * * LOW HITPOINT WARNING * * *
You are too injured to fight recklessly!
You are too injured to fight recklessly!
You are too injured to fight recklessly!
You completely miss the orc priest.
The orc priest is lightly wounded.
The orc priest misses you.
You hit the orc priest but do no damage.
The orc priest is lightly wounded.
The orc priest closely misses you.
You hit the orc priest.
The orc priest is moderately wounded.
The orc priest hits you with a +0 flail.
* * * LOW HITPOINT WARNING * * *
You barely miss the orc priest.
The orc priest is moderately wounded.
The orc priest closely misses you.
You hit the orc priest but do no damage.
The orc priest is moderately wounded.
The orc priest hits you with a +0 flail.
* * * LOW HITPOINT WARNING * * *
The orc priest hits you with a +0 flail!
You die...

##.......##
#.........#
+.........+
#.........#
##......(##
##.....##
##...##
##)## #@#
#o# .!#
#... ....
#....#
#.....
...#.#


You could see an orc priest.

Vanquished Creatures
  Jessica (D:3)
  An orc wizard (D:3)
  4 adders
  2 dart slugs
  2 orcs (D:3)
  5 ball pythons
  9 bats
  6 endoplasms
  6 giant cockroaches
  5 goblins
  3 hobgoblins
  2 jackals (D:1)
  5 kobolds
  A quokka (D:1)
  3 frilled lizards
  4 rats
59 creatures vanquished.

Vanquished Creatures (others)
  A plant (D:1)
1 creature vanquished.

Grand Total: 60 creatures vanquished

Notes
Turn   | Place    | Note
-------+----------+-------------------------------------------
     0 | D:1      | Aibolit the Human Conjurer began the quest for the Orb.
     0 | D:1      | Reached XP level 1. HP: 13/13 MP: 3/3
   166 | D:1      | Reached XP level 2. HP: 19/19 MP: 3/5
   742 | D:1      | Reached XP level 3. HP: 24/24 MP: 3/6
   771 | D:1      | Found a faded altar of an unknown god.
  1461 | D:2      | Reached XP level 4. HP: 30/30 MP: 6/8
  1971 | D:2      | Found a shimmering blue altar of Sif Muna.
  1993 | D:2      | Became a worshipper of Sif Muna the Loreminder
  2103 | D:3      | Found an opulent altar of Gozag.
  2327 | D:3      | Found Yxubu's General Store.
  2333 | D:3      | Learned a level 2 spell: Searing Ray
  2570 | D:3      | Found an ancient bone altar of Kikubaaqudgha.
  2570 | D:3      | Noticed Jessica
  2575 | D:3      | Killed Jessica
  2576 | D:3      | Reached XP level 5. HP: 32/35 MP: 3/9
  2739 | D:3      | Reached skill level 5 in Conjurations
  2754 | D:3      | Slain by an orc priest

Illustrated notes

Levels and vault maps discovered:
D:1:      scummos_arrival_star, layout_basic, shapermc_ecumenical_altar_gd
D:2:      layout_basic, basic_altar, kennysheep_generic_room_2
D:3:      layout_loops_corners, mainiacjoe_overflow_24_doors,
          lemuel_crystal_altar, serial_glass, glass_columns_c, glass_columns_c,
          serial_shops, nicolae_shop_hallway_plus, uniq_jessica

Skill      XL: |  1  2  3  4  5 |
---------------+----------------+-----
Spellcasting   | 3 |  3.5
Stealth        | 3 |  3.1
Conjurations   | 5 |  5.1
Dodging        | |  2.0

Action                   |  1- 3 |  4- 6 || total
-------------------------+-------+-------++-------
Melee: Unarmed           |    16 |       ||    16
       Short sword       |     5 |    10 ||    15
 Cast: Magic Dart        |    64 |    62 ||   126
  Use: Scroll            |     2 |     2 ||     4
Armor: Robe              |     3 |     2 ||     5
Dodge: Dodged            |    19 |    17 ||    36
